AoeStats
← [GDL] HANNIBAL

Oasis

508580215Analyzed
4v4 RM · 10d ago on Sep 23, 2026· 22m 49s· 8 players
Game mode
Random Map
Map size
Large (8 player)
Population
200
Speed
Normal
Resources
Standard
Victory
Conquest
Starting age
Dark Age
Ending age
Imperial Age
RankedLock teamsTeams togetherTeam positionsShared explorationLock speedFull tech treeHidden civsTurbo modeCheats
Victory
Defeat
🇨🇴 Ethiopians · Colombia
1471
+9
🇲🇽 Berbers · Mexico
1401
+12
🇲🇽 Varangians · Mexico
1237
+19
1164
+21
🇨🇱 Khmer · Chile
1325
-16
🇺🇸 Ethiopians · United States
1314
-16
🇹🇼 Danes · Taiwan
1292
-15
🇺🇸 Byzantines · United States
1280
-14
[GDL] Lissom
10:37 Feudal Age
12:24 Bloodlines
12:12 Double-Bit Axe
13:29 Loom
14:35 Scale Barding Armor
14:41 Forging
18:35 Horse Collar
[GDL] HANNIBAL
9:49 Feudal Age
12:58 Bloodlines
15:23 Horse Collar
22:13 Castle Age
20:45 Scale Barding Armor
21:20 Forging
21:10 Double-Bit Axe
22:18 Light Cavalry
[GDL]HULKMEN_GT
6:06 Loom
6:17 Loom
8:59 Feudal Age
10:43 Double-Bit Axe
12:39 Fletching
17:54 Horse Collar
24:50 Castle Age
23:01 Padded Archer Armor
[Baratos] Roler The Lag Bringer
7:32 Loom
12:06 Feudal Age
19:06 Castle Age
17:28 Gold Mining
TamerCaribou922
5:33 Loom
9:43 Feudal Age
19:45 Double-Bit Axe
el manuck
7:38 Loom
9:36 Feudal Age
12:08 Double-Bit Axe
14:40 Fletching
15:52 Padded Archer Armor
feto
7:03 Loom
9:21 Feudal Age
10:20 Double-Bit Axe
11:43 Forging
14:21 Scale Barding Armor
22:32 Castle Age
SwallowXII
4:14 Loom
11:35 Feudal Age
13:23 Double-Bit Axe
15:43 Castle Age
Connection lost

Rejoining the realm…

Still unreachable

The connection could not be restored.

Session expired

The server has moved on; the page needs a fresh start.